 Dungeon Crawl Stone Soup version 0.26-a0-651-gb41185065b (webtiles) character file.

Game seed: 16505405914371349085

142 Irenicus the Cudgeler (level 5, -1/45 HPs)
             Began as a Hill Orc Chaos Knight on Oct 28, 2020.
             Was a Plaything of Xom.
             Slain by a gnoll
             ... wielding a +0 spear of venom
              (3 damage)
             ... on level 2 of the Dungeon.
             The game lasted 00:05:36 (1355 turns).

Irenicus the Cudgeler (Hill Orc Chaos Knight)       Turns: 1355, Time: 00:05:37

Health: -1/45      AC: 10    Str: 21    XL:     5   Next: 25%
Magic:  5/5        EV: 11    Int: 12    God:    Xom [....*.]
Gold:   163        SH:  0    Dex: 11    Spells: 4/4 levels left

rFire    . . .     SeeInvis .   a - +0 mace (chaos)
rCold    . . .     Faith    .   (no shield)
rNeg     . . .     Spirit   .   r - +3 leather armour
rPois    .         Reflect  .   (no helmet)
rElec    .         Harm     .   g - +2 cloak
rCorr    +         Rampage  .   (no gloves)
MR       .....                  k - +0 pair of boots
Stlth    +.........             (no amulet)
HPRegen  0.15/turn              f - ring of resist corrosion
MPRegen  0.09/turn              s - +6 ring of strength

@: mighty, lethally poisoned (-1 -> -6), stab
A: no striking features
a: Renounce Religion


You were on level 2 of the Dungeon.
You worshipped Xom.
You were a beloved toy of Xom.
You visited 1 branch of the dungeon, and saw 2 of its levels.

You collected 163 gold pieces.

Inventory:

Hand Weapons
 a - a +0 mace of chaos (weapon)
Missiles
 p - 3 atropa-tipped darts
Armour
 b - a +0 buckler
   (You found it on level 2 of the Dungeon)
 g - a +2 cloak (worn)
   (You found it on level 1 of the Dungeon)
 k - a +0 pair of boots (worn)
   (You found it on level 1 of the Dungeon)
 r - a +3 leather armour (worn)
   (You took it off a goblin on level 2 of the Dungeon)
Jewellery
 f - a ring of resist corrosion (left hand)
   (You took it off a goblin on level 1 of the Dungeon)
 s - a +6 ring of strength (right hand)
   (You took it off a goblin on level 2 of the Dungeon)
Scrolls
 c - 2 scrolls of identify {unknown}
 d - a scroll of amnesia {unknown}
 e - 3 scrolls of remove curse {unknown}
 h - a scroll of fear {unknown}
 i - 4 scrolls of teleportation {unknown}
 l - a scroll of random uselessness {unknown}
 q - a scroll of magic mapping {unknown}
Miscellaneous
 o - a condenser vane (2/2)
   (Xom gifted it to you on level 2 of the Dungeon)


   Skills:
 - Level 3.6 Fighting
 + Level 6.3 Maces & Flails
 - Level 2.1 Armour
 - Level 0.7 Dodging


You had 4 spell levels left.
You didn't know any spells.
Your spell library was empty.

Dungeon Overview and Level Annotations

Branches:
Dungeon (2/15)

Altars:


Message History

3 gnolls come into view.
The gnoll shouts!
You hear a shout!
A frilled lizard comes into view.
The gnoll moves out of view.
The frilled lizard hisses angrily.
A kobold comes into view. It is wielding a +0 club.
A gnoll comes into view. It is wielding a +0 spear of venom.
The kobold shouts!
The gnoll shouts!
You sock the gnoll! You burn the gnoll.
The gnoll is almost dead.
You feel sick.
You take 1 damage, and have 22/39 hp.
You barely miss the gnoll.
You feel sick.
You are no longer poisoned.
You hit the gnoll but do no damage. The gnoll barely misses you.
The frilled lizard bites you but does no damage. "The weather's been a little too boring around here."
You hit the gnoll. You burn the gnoll.
The gnoll is moderately wounded.
The gnoll closely misses you.
You sock the gnoll!
The gnoll is almost dead.
The gnoll hits you with a +0 whip.
You take 2 damage, and have 20/39 hp.
You closely miss the gnoll.
The gnoll is almost dead.
The gnoll completely misses you.
You hit the gnoll but do no damage.
The gnoll is poisoned.
The gnoll is almost dead.
You kill the gnoll!
You have reached level 5!
You feel stronger.
You regained 3 hp, and now have 24/45 hp.
MP restored: 5 You hit the gnoll.
You kill the gnoll!
You thump the frilled lizard!
You kill the frilled lizard!
You sock the gnoll!
The gnoll is heavily wounded.
The gnoll hits you but does no damage. x2
You are poisoned.
You hit the gnoll. You freeze the gnoll.
The gnoll is severely wounded.
You feel sick. The gnoll barely misses you. x2
You take 1 damage, and have 24/45 hp.
You feel sick.
You take 1 damage, and have 23/45 hp.
You hit the gnoll.
The gnoll is almost dead.
The gnoll hits you with a +0 flail!
* * * LOW HITPOINT WARNING * * *
The gnoll hits you from afar with a +0 spear of venom.
* * * LOW HITPOINT WARNING * * *
You are lethally poisoned!
You take 13 damage, and have 10/45 hp.
MASSIVE DAMAGE!!
* * * LOW HITPOINT WARNING * * *
You feel sick.
You take 2 damage, and have 8/45 hp.
* * * LOW HITPOINT WARNING * * *
You feel sick.
You take 1 damage, and have 7/45 hp.
It was a potion of curing.
You feel better.
Xom thinks this is hilarious!
The gnoll hits you with a +0 flail.
* * * LOW HITPOINT WARNING * * *
You regained 4 hp, and now have 11/45 hp.
The gnoll hits you from afar with a +0 spear of venom.
* * * LOW HITPOINT WARNING * * *
You are lethally poisoned!
You take 4 damage, and have 7/45 hp.
You feel better. The gnoll hits you with a +0 flail!
* * * LOW HITPOINT WARNING * * *
The gnoll barely misses you.
You take 1 damage, and have 6/45 hp.
It was a potion of stabbing.
You feel ready to backstab. The gnoll hits you with a +0 flail.
* * * LOW HITPOINT WARNING * * *
You take 2 damage, and have 5/45 hp.
It was a potion of might.
You feel very mighty all of a sudden.
You sock the gnoll! You freeze the gnoll.
You kill the gnoll!
You hit the kobold.
You kill the kobold!
The gnoll hits you with a +0 spear of venom.
* * * LOW HITPOINT WARNING * * *
You are lethally poisoned!
Things that are here:
a +0 club; a +0 flail; a gnoll corpse You take 3 damage, and have 3/45 hp.
You aren't carrying any potions.
You hit the gnoll. You burn the gnoll.
The gnoll is severely wounded.
* * * LOW HITPOINT WARNING * * *
You feel sick.
The gnoll hits you with a +0 spear of venom.
You die...

#
#.†........÷#.#.#####.######
# #.............#....##.# #
#.............#....##.# #
##########..>......##.# #
#(..#.....##(# #
#...#.>...##.# #
######....##.# ####
#######.....#.# #...
#..@g.......#.# #... ######
#†#####.....#.# #...
......##.#..##.g...#.# #...
.......#[...##.....#.# #...
.......###.###.....#.# ####
.........#.# #.....#.#
.......#.g§###§§...#(###
......Kg.§§§§§.........#
......##########.......#


You could see a gnoll.

Vanquished Creatures
  Natasha (D:2)
  4 gnolls (D:2)
  2 adders (D:2)
  A worm (D:2)
  3 dart slugs
  2 leopard geckos (D:2)
  3 giant cockroaches
  7 goblins
  6 hobgoblins
  6 jackals
  2 kobolds (D:2)
  A quokka (D:2)
  A ball python (D:2)
  3 bats
  5 frilled lizards
  2 rats (D:2)
49 creatures vanquished.

Vanquished Creatures (others)
  A gnoll (D:1)
1 creature vanquished.

Grand Total: 50 creatures vanquished

Notes
Turn   | Place    | Note
-------+----------+-------------------------------------------
     0 | D:1      | Irenicus the Hill Orc Chaos Knight began the quest for the
                  | Orb.
     0 | D:1      | Reached XP level 1. HP: 19/19 MP: 1/1
    74 | D:1      | XOM: silly message
    79 | D:1      | XOM: silly message
   127 | D:1      | Reached XP level 2. HP: 17/26 MP: 2/2
   216 | D:1      | Reached skill level 4 in Maces & Flails
   653 | D:1      | XOM: divine lightning
   783 | D:2      | Reached XP level 3. HP: 31/31 MP: 3/3
   795 | D:2      | XOM: god gift: condenser vane (2/2)
   824 | D:2      | XOM: god gift: 3 atropa-tipped darts
   954 | D:2      | Reached skill level 5 in Maces & Flails
  1006 | D:2      | XOM: god gift: 15 sling bullets
  1022 | D:2      | Noticed Natasha
  1033 | D:2      | Killed Natasha
  1033 | D:2      | Reached XP level 4. HP: 21/39 MP: 4/4
  1309 | D:2      | Reached skill level 6 in Maces & Flails
  1326 | D:2      | XOM: fog
  1331 | D:2      | Reached XP level 5. HP: 24/45 MP: 5/5
  1337 | D:2      | HP: 10/45 [gnoll/+0 spear of venom (3)]
  1343 | D:2      | HP: 7/45 [gnoll/+0 spear of venom (4)]
  1349 | D:2      | HP: 5/45 [gnoll/+0 flail (2)]
  1354 | D:2      | HP: 3/45 [gnoll/+0 spear of venom (3)]
  1355 | D:2      | Slain by a gnoll

Illustrated notes

Levels and vault maps discovered:
D:1:      shiori_arrival_elements, layout_basic, minmay_pentomino_z2
D:2:      layout_basic, cheibrodos_gnoll_hut, uniq_natasha

Skill      XL: |  1  2  3  4 |
---------------+-------------+-----
Maces & Flails | 4 5 6 |  6.3
Fighting       | |  3.6
Armour         | |  2.1
Dodging        | |  0.7

Action                   |  1- 3 |  4- 6 || total
-------------------------+-------+-------++-------
Melee: Mace              |   106 |    55 ||   161
  Use: Potion            |       |     4 ||     4
 Stab: Petrifying        |     1 |       ||     1
Armor: Leather armour    |    48 |    28 ||    76
Dodge: Dodged            |    66 |    41 ||   107

Table legend: (Time is in decaauts)
 A = Elapsed time spent in this place.
 B = Non-inter-level travel time spent in this place.
 C = Inter-level travel time spent in this place.
 D = Time resting spent in this place.
 E = Time spent auto-exploring this place.
 F = Levels seen in this place.
 G = Mean time per level.
                   A        B        C        D        E       F      G
               +--------+--------+--------+--------+--------+-----+--------+
         Total |   1378 |   1369 |      9 |      0 |    813 |   2 |  689.0 |
       Dungeon |   1378 |   1369 |      9 |      0 |    813 |   2 |  689.0 |
               +--------+--------+--------+--------+--------+-----+--------+

Top non-repeatable levels by time:
     D:1: 792 daAuts
     D:2: 585 daAuts

Table legend:
 A = Kills in this place as a percentage of kills in entire the game.
 B = Kills by you in this place as a percentage of kills by you in the entire game.
 C = Kills by friends in this place as a percentage of kills by friends in the entire game.
 D = Other kills in this place as a percentage of other kills in the entire game.
 E = Experience gained in this place as a percentage of experience gained in the entire game.
 F = Experience gained in this place divided by the number of levels of this place that you have seen.
                   A       B       C       D       E      F
               +-------+-------+-------+-------+-------+----------------------
         Total | 100.0 | 100.0 |   N/A | 100.0 | 100.0 | 102.0
       Dungeon | 100.0 | 100.0 |   N/A | 100.0 | 100.0 | 102.0
               +-------+-------+-------+-------+-------+----------------------
